 Dungeon Crawl Stone Soup version 0.16-a0-3325-g64f94fb (webtiles) character file.

23109 bitcomrade the Blocker (level 13, -4/80 HPs)
             Began as a Gargoyle Fighter on Dec 26, 2014.
             Was an Elder of Okawaru.
             Slain by a ten-headed hydra (8 damage)
             ... on level 13 of the Dungeon on Dec 27, 2014.
             The game lasted 02:37:51 (10079 turns).

bitcomrade the Blocker (Gargoyle Fighter)          Turns: 10079, Time: 02:38:17

Health: -4/80      AC: 30    Str: 26      XL:     13   Next: 4%
Magic:  20/20      EV: 15    Int: 10 (13) God:    Okawaru [****..]
Gold:   604        SH: 15    Dex: 13      Spells: 0 memorised, 12 levels left

rFire  + + .     SeeInvis .     w - +7 Screaming Sword
rCold  x . .     Clarity  .     S - +0 fire dragon armour
rNeg   + . .     SustAb   .     o - +0 shield
rPois  ∞         Gourm    .     v - +0 helmet {Int+3}
rElec  +         Spirit   .     (no cloak)
rCorr  .         Warding  .     N - +0 pair of gloves
rMut   .         Stasis   .     l - +2 pair of boots
MR     .....                    F - amulet "Muheb" {Faith Str+4 Dex+2}
Stlth  +.........               X - ring of wizardry
                                q - +2 ring of protection (curse)

@: heroism, not resistant to hostile enchantments, very unstealthy
A: negative energy resistance 1, electricity resistance, unbreathing,
petrification resistance, rot immunity, AC +9
a: Heroism, Renounce Religion


You were on level 13 of the Dungeon.
You worshipped Okawaru.
Okawaru was greatly pleased with you.
You were not hungry.

You visited 2 branches of the dungeon, and saw 13 of its levels.

You collected 604 gold pieces.

Inventory:

Hand weapons
 b - a +2 scimitar of flaming
 f - the cursed +2 trident "Pramyrag" {pierce, *Rage +Rage +Inv rF+ SInv Stlth+, unknown}
   (You took it off an orc on level 13 of the Dungeon)

   It inflicts extra damage upon your enemies.
   It protects you from fire.
   It enhances your eyesight.
   It lets you turn invisible.
   It lets you go berserk.
   It may make you go berserk in combat.
   It makes you more stealthy.
   It has a curse placed upon it.
 w - the +7 Screaming Sword (weapon)
   (You found it on level 8 of the Dungeon)
 y - the -1 long sword "Jeleg" {flame, Int+3}
   (You found it on level 12 of the Dungeon)

   It emits flame when wielded, causing extra injury to most foes and up to half
   as much damage over again against particularly susceptible opponents.
   Big, fiery blades are also staple armaments of hydra-hunters.
   It affects your intelligence (+3).
 C - the +5 spear of Ezuel {drain, rElec}
   (You found it on level 5 of the Dungeon)

   A truly terrible weapon, it drains the life of those it strikes.
   It insulates you from electricity.
 D - a +1 short sword of holy wrath
 I - a +2 morningstar of crushing
 J - a +1 scimitar of slicing
 L - a +4 long sword of flaming
 Q - a cursed +0 hand crossbow
 T - a +1 longbow of flaming
Armour
 l - a +2 pair of boots (worn)
 o - a +0 shield (worn)
 v - a +0 helmet of intelligence (worn)
 N - a +0 pair of gloves (worn)
 S - a +0 fire dragon armour (worn)
Jewellery
 q - a cursed +2 ring of protection (left hand)
 x - an uncursed ring of flight
 B - an uncursed ring of fire
 F - the amulet "Muheb" (around neck) {Faith Str+4 Dex+2}
   (You acquired it on level 13 of the Dungeon)

   [amulet of faith]

   It allows you to gain divine favour quickly.
   It affects your strength (+4).
   It affects your dexterity (+2).
 O - a cursed ring of teleportation
 W - an uncursed amulet of the gourmand
 X - a ring of wizardry (right hand)
 Y - a +3 ring of dexterity {unknown}
Magical devices
 a - a wand of polymorph (14)
 k - a wand of random effects (3)
 G - a wand of magic darts (24)
 H - a wand of confusion (12)
 Z - a wand of polymorph (0)
Scrolls
 g - 4 scrolls of identify
 j - 6 scrolls of recharging
 n - a scroll of enchant armour
 s - 2 scrolls of enchant weapon
 t - 3 scrolls of blinking
 A - 2 scrolls of remove curse
Potions
 e - 2 potions of might
 p - 2 potions of curing
 E - a potion of restore abilities
 R - a potion of resistance
 V - a potion of heal wounds
Books
 c - Kikubaaqudgha's Compendium of Causality
   (You found it on level 3 of the Dungeon)

   Spells                             Type                      Level
   a - Pain                           Necromancy                   1
 u - Vehumet's Incunabulum of Attacks
   (You found it on level 3 of the Dungeon)

   Spells                             Type                      Level
   a - Magic Dart                     Conjuration                  1
 z - Sif Muna's Tome of Necromancy
   (You found it on level 3 of the Dungeon)

   Spells                             Type                      Level
   a - Pain                           Necromancy                   1
 K - a book of Ice

   Spells                             Type                      Level
   a - Ice Form                       Ice/Transmutation            4
   b - Metabolic Englaciation         Hexes/Ice                    5
   c - Ozocubu's Refrigeration        Ice                          6
   d - Bolt of Cold                   Conjuration/Ice              6
   e - Freezing Cloud                 Conjuration/Ice/Air          6
   f - Simulacrum                     Ice/Necromancy               6
 P - a book of Hinderance

   Spells                             Type                      Level
   a - Confusing Touch                Hexes                        2
   b - Confuse                        Hexes                        3
   c - Petrify                        Transmutation/Earth          4
   d - Metabolic Englaciation         Hexes/Ice                    5
   e - Summon Mana Viper              Hexes/Summoning              5
   f - Gell's Gravitas                Hexes/Translocation          6
 U - the Volume of the Escort
   (You found it on level 13 of the Dungeon)

   Spells                             Type                      Level
   a - Summon Small Mammal            Summoning                    1
   b - Recall                         Summoning/Translocation      3
   c - Summon Lightning Spire         Summoning/Air                4
   d - Summon Forest                  Summoning/Translocation      5
Comestibles
 d - 10 bread rations
 h - 7 meat rations
 i - 3 slices of pizza
 m - 3 beef jerkies
 r - 14 fruits
 M - 15 royal jellies


   Skills:
 + Level 9.3(14.3) Fighting
 * Level 3.2(8.2) Long Blades
 - Level 11.2(16.2) Maces & Flails
 - Level 5.3(10.3) Polearms
 + Level 8.3(13.3) Armour
 + Level 5.5(10.5) Dodging
 + Level 12.4(17.4) Shields
 - Level 3.8 Invocations


You had 12 spell levels left.
You didn't know any spells.

Dungeon Overview and Level Annotations

Branches:
Dungeon (14/15)            Temple (1/1) D:4          Vaults (0/5) D:13
   Lair: D:8-11         Orc: D:9-12

Altars:
Ashenzari
Cheibriados
Dithmenos
Elyvilon
Fedhas
Gozag
Kikubaaqudgha
Makhleb
Nemelex Xobeh
Okawaru
Qazlal
Ru
Sif Muna
Trog
Vehumet
Xom
Yredelemnul
Zin
The Shining One
Lugonu

Shops:
D:6 :


Innate Abilities, Weirdness & Mutations

You are resistant to torment.
You are immune to poison.
Your stone body is very resilient (AC +9).
You resist negative energy.
You are resistant to electric shocks.
You can survive without breathing.
You are immune to petrification.
You are immune to rotting.


Message History

The ten-headed hydra barely misses you. The ten-headed hydra bites you.
* * * LOW HITPOINT WARNING * * *
The ten-headed hydra bites you but does no damage.
You block the ten-headed hydra's attack.
The ten-headed hydra bites you but does no damage. x2
The ten-headed hydra barely misses you.
You slice the orc!!
You kill the orc!
Okawaru accepts your kill.
The Screaming Sword howls with insane laughter!
The ten-headed hydra is hurt by the noise.
The ten-headed hydra completely misses you.
You block the ten-headed hydra's attack.
The ten-headed hydra bites you but does no damage.
You block the ten-headed hydra's attack.
The ten-headed hydra bites you!
* * * LOW HITPOINT WARNING * * *
You block the ten-headed hydra's attack.
The ten-headed hydra bites you!
You die...

............>....................
............###.#...####...######
.)..........# #..#..# #...#
............# #...#.# #...#
............###....## #...#
..........#.†...########...#
..........#...#(...##......######
..........#..#.)D.#.#............
.....Z#####.#...@#..#.......)....
......######....#(..########.....
..........#####))...#............
..........##....#...#............
..........#.#..[.#..#########...#
#######...#..#..o.#.# #...# #
#...#...#)...##########...#
#######...#.....#####............
..........#...#[...##............


You could see a ten-headed hydra.

Vanquished Creatures
  A storm dragon (D:12)
  2 hydras (D:12)
  Nessos (D:13)
  A centaur warrior (D:13)
  Erolcha (D:12)
  A hell knight (D:12)
  6 hill giants
  An ugly thing (D:12)
  2 centaur zombies
  Maurice (D:13)
  A cyclops (D:13)
  A gargoyle (D:13)
  A centaur skeleton (D:12)
  A yaktaur (D:12)
  An efreet (D:13)
  2 trolls
  Sonja (D:12)
  A queen bee (D:13)
  7 slime creatures
  A shadow (D:12)
  3 yaks (D:13)
  A spriggan (D:7)
  2 hippogriffs (D:12)
  3 deep elf magi
  A hill giant skeleton (D:13)
  A vampire mosquito (D:12)
  3 water moccasins
  4 orc warriors
  A wolf (shapeshifter) (D:12)
  5 ice beasts
  8 spiders (D:13)
  An eye of draining (D:12)
  2 phantoms
  4 ogres
  4 sky beasts
  2 black bears (D:6)
  A yellow wasp (D:13)
  A centaur (shapeshifter) (D:12)
  3 centaurs
  A crocodile (D:12)
  10 giant frogs
  A big kobold (D:8)
  A gnoll sergeant (D:8)
  8 scorpions
  33 killer bees
  5 crimson imps
  A quasit (D:8)
  An iguana (D:8)
  2 jellies
  A yellow wasp zombie (D:13)
  A giant frog zombie (D:5)
  6 orc wizards
  11 orc priests
  2 giant frog skeletons
  4 hounds
  9 worker ants
  2 hound zombies
  A mummy (D:13)
  2 worker ant zombies
  10 adders
  4 shadow imps
  A worm (D:5)
  9 giant mites
  2 adder skeletons (D:6)
  7 giant geckos
  38 orcs
  2 ball pythons
  14 bats
  A bat skeleton (D:3)
  3 bat zombies
  19 hobgoblins
  6 jackals
  14 kobolds
  2 quokkas
  A ball python zombie (D:3)
  4 giant cockroaches
  A giant cockroach zombie (D:3)
  A giant gecko skeleton (D:5)
  2 giant newts (D:2)
  6 goblins
  A jackal skeleton (D:3)
  A quokka zombie (D:3)
  12 rats
  A fungus (D:8)
348 creatures vanquished.

Notes
Turn   | Place    | Note
--------------------------------------------------------------
     0 | D:1      | bitcomrade, the Gargoyle Fighter, began the quest for the Orb.
     0 | D:1      | Reached XP level 1. HP: 14/14 MP: 1/1
   239 | D:1      | Reached XP level 2. HP: 19/19 MP: 2/2
   882 | D:2      | Reached XP level 3. HP: 18/24 MP: 3/3
   896 | D:2      | Found a white marble altar of Elyvilon.
  1121 | D:2      | Found an opulent altar of Gozag.
  1121 | D:2      | Found a sparkling altar of Nemelex Xobeh.
  1317 | D:2      | Reached XP level 4. HP: 29/29 MP: 4/4
  1322 | D:2      | Reached skill level 1 in Dodging
  1647 | D:3      | Reached skill level 4 in Shields
  1788 | D:3      | Reached XP level 5. HP: 23/33 MP: 5/5
  1810 | D:3      | Found a radiant altar of Vehumet.
  1814 | D:3      | Identified Vehumet's Incunabulum of Attacks
  2086 | D:3      | Found an ancient bone altar of Kikubaaqudgha.
  2090 | D:3      | Identified Kikubaaqudgha's Compendium of Causality
  2096 | D:3      | Found a deep blue altar of Sif Muna.
  2101 | D:3      | Identified Sif Muna's Tome of Necromancy
  2348 | D:4      | Found a staircase to the Ecumenical Temple.
  2361 | Temple   | Entered the Ecumenical Temple
  2380 | Temple   | Became a worshipper of Warmaster Okawaru
  2495 | D:4      | Found a shadowy altar of Dithmenos.
  2743 | D:4      | Found a burning altar of Makhleb.
  2746 | D:4      | Noticed a blizzard demon
  2747 | D:4      | Found a glowing silver altar of Zin.
  2748 | D:4      | Noticed an angel
  2785 | D:5      | Entered Level 5 of the Dungeon
  2818 | D:5      | Noticed an ice beast
  2839 | D:5      | Killed an ice beast
  2839 | D:5      | Reached XP level 6. HP: 39/39 MP: 6/6
  2919 | D:5      | Got a polished spear
  2936 | D:5      | Reached skill level 5 in Shields
  2940 | D:5      | Identified the +5 spear of Ezuel {drain, rElec} (You found it on level 5 of the Dungeon)
  3018 | D:5      | Reached XP level 7. HP: 18/44 MP: 7/7
  3059 | D:5      | Got a dazzling short sword
  3077 | D:5      | Acquired Okawaru's first power
  3086 | D:5      | Identified the cursed +3 short sword "Pryecsyr" {freeze, Dex+3} (You took it off a crimson imp on level 5 of the Dungeon)
  3123 | D:5      | Noticed a water moccasin
  3144 | D:5      | Killed a water moccasin
  3144 | D:5      | Reached skill level 5 in Fighting
  3144 | D:5      | Reached skill level 1 in Polearms
  3241 | D:5      | Reached skill level 6 in Shields
  3258 | D:5      | Reached skill level 5 in Armour
  3258 | D:5      | Reached XP level 8. HP: 47/49 MP: 8/8
  3407 | D:5      | Noticed a troll
  3416 | D:5      | Killed a troll
  3630 | D:5      | Found a bloodstained altar of Trog.
  3846 | D:6      | Found Grocweet's Book Shop.
  3946 | D:6      | Reached skill level 7 in Shields
  3946 | D:6      | Reached skill level 1 in Invocations
  3985 | D:6      | Reached XP level 9. HP: 37/55 MP: 8/10
  4602 | D:7      | Found a shadowy altar of Dithmenos.
  4723 | D:7      | Reached skill level 8 in Shields
  4944 | D:7      | Reached skill level 5 in Polearms
  5183 | D:7      | Found a sacrificial altar of Ru.
  5436 | D:8      | Found a burning altar of Makhleb.
  5769 | D:8      | Reached XP level 10. HP: 61/61 MP: 12/12
  5772 | D:8      | Found a glowing golden altar of the Shining One.
  5772 | D:8      | Found a blossoming altar of Fedhas.
  5797 | D:8      | Found a shimmering altar of Xom.
  5867 | D:8      | Reached skill level 9 in Shields
  5987 | D:8      | Reached skill level 5 in Maces & Flails
  6340 | D:9      | You fall through a shaft for 3 floors!
  6347 | D:12     | Got a brightly glowing long sword
  6348 | D:12     | Identified the cursed -1 long sword "Jeleg" {flame, Int+3} (You found it on level 12 of the Dungeon)
  6350 | D:12     | Noticed Erolcha
  6357 | D:12     | Killed Erolcha
  6430 | D:12     | Received a gift from Okawaru
  6549 | D:12     | Noticed a hill giant
  6554 | D:12     | Noticed Sonja
  6556 | D:12     | Killed a hill giant
  6604 | D:12     | Killed Sonja
  6604 | D:12     | Reached skill level 10 in Shields
  6789 | D:12     | Reached XP level 11. HP: 67/67 MP: 14/14
  6964 | D:12     | Noticed a storm dragon
  6967 | D:12     | Noticed a hill giant
  6978 | D:12     | Noticed a hell knight
  6979 | D:12     | Noticed a four-headed hydra
  6988 | D:12     | Killed a storm dragon
  6998 | D:12     | Killed a four-headed hydra
  6998 | D:12     | Acquired Okawaru's second power
  6998 | D:12     | Reached skill level 11 in Shields
  7003 | D:12     | Killed a hell knight
  7041 | D:12     | Killed a hill giant
  7044 | D:12     | Noticed a six-headed hydra
  7059 | D:12     | Killed a six-headed hydra
  7221 | D:12     | Noticed a red ugly thing
  7229 | D:12     | Noticed a hill giant
  7237 | D:12     | Killed a red ugly thing
  7245 | D:12     | Killed a hill giant
  7441 | D:12     | Reached skill level 10 in Maces & Flails
  7441 | D:12     | Reached XP level 12. HP: 71/73 MP: 16/18
  7531 | D:12     | Received a gift from Okawaru
  7560 | D:13     | Noticed Nessos
  7572 | D:13     | Killed Nessos
  7577 | D:13     | Identified the Volume of the Escort
  7688 | D:13     | Found a gate to the Vaults.
  8179 | D:13     | Reached skill level 12 in Shields
  8360 | D:13     | Identified a scroll of acquirement
  8363 | D:13     | Got a glittering ruby amulet
  8364 | D:13     | Identified the amulet "Muheb" {Faith Str+4 Dex+2} (You acquired it on level 13 of the Dungeon)
  8562 | D:13     | Reached skill level 1 in Long Blades
  8579 | D:13     | Reached skill level 5 in Dodging
  8754 | D:13     | Upgraded the game from 0.16-a0-3308-g116f5c4 to 0.16-a0-3325-g64f94fb
  9064 | D:13     | Got a crystal trident
  9343 | D:13     | Noticed Maurice
  9790 | D:13     | Killed Maurice
  9950 | D:14     | Noticed a centaur warrior
  9953 | D:14     | Noticed an eight-headed hydra
 10051 | D:14     | Received a gift from Okawaru
 10072 | D:13     | Reached XP level 13. HP: 21/80 MP: 20/20
 10076 | D:13     | Killed a centaur warrior
 10079 | D:13     | HP: 4/80 [ten-headed hydra (10)]
 10079 | D:13     | Slain by a ten-headed hydra

Action                   |  1- 3 |  4- 6 |  7- 9 | 10-12 | 13-15 || total
-------------------------+-------+-------+-------+-------+-------++-------
Melee: Mace              |   110 |   262 |       |       |       ||   372
       Flail             |     2 |       |       |       |       ||     2
       Spear             |       |    10 |   424 |       |       ||   434
       Morningstar       |       |       |    53 |   608 |       ||   661
       Long sword        |       |       |       |   178 |       ||   178
       Double sword      |       |       |       |    70 |     4 ||    74
       Unarmed           |       |       |       |     2 |       ||     2
Invok: Heroism           |       |       |     5 |    15 |       ||    20
       Finesse           |       |       |       |     2 |       ||     2
Evoke: Wand              |       |       |       |     2 |       ||     2
  Use: Scroll            |     4 |     5 |     7 |    10 |       ||    26
       Potion            |     1 |     2 |     6 |     6 |       ||    15
  Eat: Chunk             |     1 |       |       |       |       ||     1
       Bread ration      |       |     2 |     2 |     2 |       ||     6
       Meat ration       |       |       |       |     1 |       ||     1
       Royal jelly       |       |       |       |     1 |       ||     1
